 Dungeon Crawl Stone Soup version 0.18.1-47-g9310371 (webtiles) character file.

219 Krovax666 the Shield-Bearer (level 5, -6/47 HPs)
             Began as a Minotaur Fighter on June 20, 2016.
             Was an Initiate of Ashenzari.
             Engulfed by a cloud of flame (14 damage)
             ... on level 4 of the Dungeon.
             The game lasted 00:31:22 (2537 turns).

Krovax666 the Shield-Bearer (Minotaur Fighter)      Turns: 2537, Time: 00:31:27

Health: -6/47      AC: 10    Str: 18 (20) XL:     5   Next: 63%
Magic:  4/4        EV:  8    Int:  5      God:    Ashenzari [......]
Gold:   234        SH: 10    Dex: 11      Spells: 0 memorised, 4 levels left

rFire  . . .     SeeInvis .     a - +0 war axe (curse)
rCold  . . .     Gourm    .     b - +0 scale mail
rNeg   . . .     Faith    +     c - +0 shield
rPois  .         Spirit   .     (helmet restricted)
rElec  .         Dismiss  .     (no cloak)
rCorr  .         Reflect  .     (no gloves)
SustAt .         Harm     .     k - +1 pair of boots
MR     +....     Clarity  +     j - amulet of faith (curse)
Stlth  ..........               (no ring)
                                m - ring of protection from magic

@: somewhat resistant to hostile enchantments, extremely unstealthy
A: retaliatory headbutt, horns 2, clarity, deterioration 2, screaming 1, shaggy
fur 1, subdued magic 1
a: Curse Item, Renounce Religion


You were on level 4 of the Dungeon.
You worshipped Ashenzari.
Ashenzari was noncommittal.
You were hungry.

You visited 1 branch of the dungeon, and saw 4 of its levels.

You collected 234 gold pieces.

Inventory:

Hand Weapons
 a - a cursed +0 war axe (weapon)
 r - a +1 spear of distortion
Missiles
 n - 9 tomahawks (quivered)
Armour
 b - a +0 scale mail (worn)
 c - a +0 shield (worn)
 e - a +0 pair of boots
 k - a +1 pair of boots (worn)
Jewellery
 j - a cursed amulet of faith (around neck)
 m - a ring of protection from magic (left hand)
 t - a cursed ring of teleportation
Wands
 v - a wand of disintegration (6/24)
Scrolls
 i - a scroll of immolation
 l - a scroll of teleportation
 o - a scroll of random uselessness
 q - a scroll of enchant weapon {unknown}
Potions
 d - a potion of might
Comestibles
 f - 2 bread rations
 g - 2 meat rations
 h - 3 chunks of flesh
 s - a slice of pizza
 u - a royal jelly


   Skills:
 + Level 4.4 Fighting
 + Level 3.4 Axes
 * Level 0.2 Throwing
 + Level 5.1 Armour
 - Level 1.0 Dodging
 + Level 5.4 Shields


You had 4 spell levels left.
You didn't know any spells.

Dungeon Overview and Level Annotations

Branches:
Dungeon (4/15)
 Temple: D:4-7

Altars:
Ashenzari


Innate Abilities, Weirdness & Mutations

You reflexively headbutt those who attack you in melee.
You have a pair of horns on your head.
You possess an exceptional clarity of mind.
Your body often deteriorates upon taking damage.
You occasionally shout uncontrollably at your foes.
You are covered in fur (AC +1).
Your spells are a little easier to cast, but a little less powerful.


Message History

The worker ant bites you but does no damage.
You block the worker ant's attack.
You hit the worker ant.
The worker ant is almost dead.
The worker ant closely misses you.
The worker ant bites you but does no damage.
You hit the worker ant but do no damage.
The worker ant is almost dead.
You are feeling hungry.
You block the worker ant's attack.
You hit the worker ant but do no damage.
The worker ant is almost dead.
You block the worker ant's attack. The worker ant closely misses you.
You hit the worker ant.
The worker ant explodes!
The fiery explosion engulfs you!
Ouch! That really hurt!
* * * LOW HITPOINT WARNING * * *
You are engulfed in roaring flames.
You die...

#.# #.# ##.##
############...##
#............#...
#.######.###...##
### #.# ####.#
#..... ...%%###.#
#....###...##
#%ยงยง@.#
#.###..##..##
#####.#
#.##........# #.#
#.#..........
#.###............
#....#.#........#
#####.##...>....#
#.#..........
###.#..........
....##........#


There were no monsters in sight!

Vanquished Creatures
  Ijyb (D:3)
  2 worker ants (D:4)
  4 gnolls (D:4)
  3 adders
  3 worms
  2 dart slugs (D:1)
  A giant gecko (D:2)
  3 orcs
  A ball python (D:3)
  7 bats
  3 giant cockroaches
  8 goblins
  9 hobgoblins
  6 kobolds
  A quokka (D:3)
  5 giant newts
  8 rats
67 creatures vanquished.

Notes
Turn   | Place    | Note
--------------------------------------------------------------
     0 | D:1      | Krovax666 the Minotaur Fighter began the quest for the Orb.
     0 | D:1      | Reached XP level 1. HP: 19/19 MP: 0/0
   267 | D:1      | Reached XP level 2. HP: 27/27 MP: 1/1
   522 | D:1      | Gained mutation: Your body sometimes deteriorates upon taking damage. [potion of mutation]
   522 | D:1      | Gained mutation: You occasionally shout uncontrollably at your foes. [potion of mutation]
   522 | D:1      | Gained mutation: Your spells are a little easier to cast, but a little less powerful. [potion of mutation]
   739 | D:2      | Reached XP level 3. HP: 29/33 MP: 2/2
  1548 | D:3      | Reached skill level 1 in Dodging
  1667 | D:3      | Noticed Ijyb
  1681 | D:3      | Reached XP level 4. HP: 39/41 MP: 3/3
  1684 | D:3      | Killed Ijyb
  2137 | D:4      | Gained mutation: You are frail (-10% HP). [potion of mutation]
  2137 | D:4      | Gained mutation: You possess an exceptional clarity of mind. [potion of mutation]
  2137 | D:4      | Gained mutation: Your body often deteriorates upon taking damage. [potion of mutation]
  2152 | D:4      | Reached XP level 5. HP: 35/42 MP: 4/4
  2154 | D:4      | Reached skill level 5 in Shields
  2197 | D:4      | Reached skill level 5 in Armour
  2228 | D:4      | Found a shattered altar of Ashenzari.
  2231 | D:4      | Became a worshipper of Ashenzari the Shackled
  2448 | D:4      | Lost mutation: You are frail (-10% HP). [potion of mutation]
  2448 | D:4      | Gained mutation: You are covered in fur (AC +1). [potion of mutation]
  2537 | D:4      | Engulfed by a cloud of flame

Skill      XL: |  1  2  3  4  5 |
---------------+----------------+-----
Fighting       | 4 |  4.4
Armour         | 4 5 |  5.1
Shields        | 4 5 |  5.4
Dodging        | 1 |  1.0
Axes           | 3 |  3.4
Throwing       | |  0.2

Action                   |  1- 3 |  4- 6 || total
-------------------------+-------+-------++-------
Melee: War axe           |   119 |    66 ||   185
       Headbutt          |    10 |    10 ||    20
Throw: Tomahawk          |       |     4 ||     4
Invok: Curse Item        |       |     2 ||     2
  Use: Potion            |     6 |     3 ||     9
       Scroll            |     2 |     5 ||     7
  Eat: Chunk             |     3 |     2 ||     5
Armor: Scale mail        |    89 |    22 ||   111
Dodge: Dodged            |    45 |    19 ||    64
Block: Shield            |    90 |    33 ||   123
